 Dungeon Crawl Stone Soup version 0.21-a0-95-g06f091e (webtiles) character file.

118 Ijustatesigmund the Skirmisher (level 5, -3/57 HPs)
             Began as an Ogre Hunter on July 4, 2017.
             Slain by a scorpion (6 damage)
             ... on level 3 of the Dungeon.
             The game lasted 00:08:52 (4755 turns).

Ijustatesigmund the Skirmisher (Ogre Hunter)        Turns: 4755, Time: 00:08:53

Health: -3/57      AC:  4    Str: 15 (16) XL:     5   Next: 2%
Magic:  5/5        EV:  7    Int: 10 (12) God:
Gold:   130        SH:  6    Dex:  7 (10) Spells: 4/4 levels left

rFire    + . .     SeeInvis .   a - staff of poison
rCold    . . .     Gourm    .   o - +0 shield
rNeg     . . .     Faith    .   b - +1 robe
rPois    +         Spirit   .   (helmet restricted)
rElec    .         Reflect  .   (no cloak)
rCorr    .         Harm     .   (gloves unavailable)
MR       .....                  (boots unavailable)
Stlth    +.........             (no amulet)
HPRegen  0.19/turn              h - ring of protection from fire
MPRegen  0.09/turn              (no ring)

@: no status effects
A: unfitting armour, tough skin 1
a: no special abilities


You were on level 3 of the Dungeon.
You were near starving.

You visited 1 branch of the dungeon, and saw 4 of its levels.

You collected 130 gold pieces.

Inventory:

Missiles
 c - 5 large rocks (quivered)
 d - 2 throwing nets
Armour
 b - a +1 robe (worn)
 o - a +0 shield (worn)
Magical Staves
 a - an uncursed staff of poison (weapon)
Jewellery
 h - a ring of protection from fire (left hand)
Scrolls
 m - a scroll of remove curse
Potions
 j - a potion of resistance
Books
 k - a book of Cantrips

   Spells                             Type                      Level
   a - Confusing Touch                Hexes                        1
   b - Animate Skeleton               Necromancy                   1
   c - Summon Small Mammal            Summoning                    1
   d - Apportation                    Translocation                1
Comestibles
 f - 2 bread rations
 g - 4 fruits
 i - 2 meat rations


   Skills:
 + Level 5.5 Fighting
   Level 2.1 Maces & Flails
 - Level 4.0 Throwing
 - Level 1.7 Dodging
 - Level 0.6 Stealth


You had 4 spell levels left.
You didn't know any spells.

Dungeon Overview and Level Annotations

Branches:
Dungeon (4/15)
 Temple: D:4-7

Altars:


Innate Abilities, Weirdness & Mutations

You are too large for most types of armour.
You have tough skin. (AC +1)


Message History

You hit the scorpion.
The scorpion is severely wounded.
The scorpion stings you.
* * * LOW HITPOINT WARNING * * *
The scorpion closely misses you.
You hit the scorpion but do no damage.
The scorpion is severely wounded.
You block the scorpion's attack.
You closely miss the scorpion.
The scorpion is severely wounded.
The scorpion stings you.
* * * LOW HITPOINT WARNING * * *
Your shield prevents you from hitting the scorpion.
The scorpion is severely wounded.
The scorpion stings you.
* * * LOW HITPOINT WARNING * * *
You barely miss the scorpion.
The scorpion is severely wounded.
The scorpion stings you.
You die...

..# ##.#.#.#.#...# #.# #.. .####
#....#)#.....# #.# #.. ....#
#.)#.#.#.#...# #.# ##.. ###.#
#..#.....#..### #.#####...
..#.###..#######....####.....#.##
#.#.................##...........
#.#.########........##.#####.#.##
#.###............s..##.#####.#...
..# #.###.......@#####.....#.####
#####.# #.#.###### #####.#.####
...)..# #.#)# #...#.....
#########.#.###### #.#######.
..........#.#<...# ###.....# #.
###########.####.# #...###.# ##
....#............#####.#.# #.#
...##.###...######.....#.# #)#
#####.# #...#### #.#####.# #.#


You could see a scorpion.

Vanquished Creatures
  Terence (D:3)
  2 adders (D:3)
  An ooze (D:3)
  A worm (D:2)
  2 dart slugs
  A leopard gecko (D:3)
  6 bats
  2 giant cockroaches (D:2)
  8 goblins
  12 hobgoblins
  2 jackals (D:2)
  8 kobolds
  2 ball pythons
  3 frilled lizards
  11 rats
62 creatures vanquished.

Notes
Turn   | Place    | Note
-------+----------+-------------------------------------------
     0 | D:1      | Ijustatesigmund the Ogre Hunter began the quest for the Orb.
     0 | D:1      | Reached XP level 1. HP: 22/22 MP: 1/1
    42 | D:1      | Reached skill level 3 in Fighting
   281 | D:1      | Reached XP level 2. HP: 32/32 MP: 2/2
   357 | D:1      | Reached skill level 4 in Fighting
  1303 | D:1      | Reached XP level 3. HP: 32/39 MP: 3/3
  1618 | D:1      | Reached skill level 1 in Maces & Flails
  3327 | D:3      | Reached XP level 4. HP: 49/49 MP: 4/4
  3340 | D:3      | Noticed Terence
  3356 | D:3      | Killed Terence
  3356 | D:3      | Reached skill level 5 in Fighting
  3661 | D:3      | HP: 1/50 [kobold/short sword (2)]
  4275 | D:3      | Reached XP level 5. HP: 32/57 MP: 5/5
  4755 | D:3      | Slain by a scorpion

Vault maps used:
D:1:      roderic_octagonal_star, serial_forest, infiniplex_forest_clump_tiny,
          infiniplex_forest_clump_medium, infiniplex_forest_lined_corner,
          infiniplex_forest_clump_curved, infiniplex_forest_zigzag_1,
          infiniplex_forest_split
D:3:      minmay_checkerbox, uniq_terence
D:4:      nemelex_xobeh_ov_fountains_minmay, serial_shops, shop, first_bread,
          grunt_ministairs_10, uniq_pikel, uniq_edmund

Skill      XL: |  1  2  3  4 |
---------------+-------------+-----
Fighting       | 3 4 5 |  5.5
Maces & Flails | 1 2 |  2.1
Throwing       | |  4.0
Dodging        | |  1.7
Stealth        | |  0.6

Action                   |  1- 3 |  4- 6 || total
-------------------------+-------+-------++-------
Melee: Club              |   204 |    42 ||   246
       Short sword       |     1 |       ||     1
       Staff             |       |    53 ||    53
Throw: Large rock        |     1 |       ||     1
  Use: Scroll            |     9 |       ||     9
       Potion            |       |     3 ||     3
 Stab: Distracted        |     1 |       ||     1
       Sleeping          |     1 |       ||     1
  Eat: Chunk             |     5 |     1 ||     6
       Royal jelly       |     1 |     1 ||     2
       Fruit             |       |     1 ||     1
Armor: Robe              |    90 |    30 ||   120
Dodge: Dodged            |   130 |    42 ||   172
Block: Shield            |     2 |    35 ||    37
